 Dungeon Crawl Stone Soup version 0.28-a0-1524-ge72afd5fc6 (webtiles) character file.

Game seed: 14621616221662464768

5 psuckher the Sneak (level 1, 0/19 HPs)
             Began as a Barachi Delver on Jan 17, 2022.
             Slain by a bullfrog zombie (3 damage)
             ... on level 6 of the Dungeon.
             The game lasted 00:00:29 (33 turns).

psuckher the Sneak (Barachi Delver)                   Turns: 33, Time: 00:00:30

Health: 0/19       AC:  3    Str: 13    XL:     1   Next: 80%
Magic:  1/1        EV: 12    Int: 10    God:
Gold:   0          SH:  0    Dex: 13    Spells: 0/0 levels left

rFire   . . .      SeeInvis .   a - +0 short sword
rCold   . . .      Faith    .   (no shield)
rNeg    . . .      Spirit   .   b - +0 leather armour
rPois   .          Reflect  .   (no helmet)
rElec   .          Harm     .   (no cloak)
rCorr   .          Rampage  .   (no gloves)
Will    .....                   (no boots)
Stlth   ++........              (no amulet)
HPRegen 0.06/turn               (no ring)
MPRegen 0.07/turn               (no ring)

@: slow
A: amphibious, slowness 1, strong legs 1, +LOS
a: Hop


You were on level 6 of the Dungeon.
You visited 1 branch of the dungeon, and saw 2 of its levels.

Inventory:

Hand Weapons
 a - a +0 short sword (weapon)
Armour
 b - a +0 leather armour (worn)
Wands
 g - a wand of digging (3)
Scrolls
 c - a scroll of fog
 d - a scroll of magic mapping
 e - a scroll of fear
Potions
 f - a potion of haste


   Skills:
 + Level 3.7 Fighting
 + Level 2.2 Short Blades
 + Level 2.2 Dodging
 + Level 4.7 Stealth


You couldn't memorise any spells.
You didn't know any spells.
Your spell library was empty.

Dungeon Overview and Level Annotations

Branches:
Dungeon (6/15)
 Temple: D:4-7

Altars:


Innate Abilities, Weirdness & Mutations

You are amphibious.
You cover ground slowly.
You can hop short distances.
You have an extended range of vision and can be seen from far away.


Message History

The ufetubus misses you.
You barely miss the ufetubus.
The ufetubus is moderately wounded.
The ufetubus hits you. The ufetubus misses you.
You barely miss the ufetubus.
The ufetubus is moderately wounded.
The ufetubus closely misses you. x2; The ufetubus barely misses you.
The ufetubus hits you.
You miss the ufetubus.
The ufetubus is moderately wounded.
The ufetubus hits you. The ufetubus completely misses you.
You hit the ufetubus.
You kill the ufetubus!
A bullfrog zombie comes into view.
A kobold comes into view. It is wielding a +0 short sword.
The sentinel's mark upon you fades away.
You hit the bullfrog zombie.
The bullfrog zombie is lightly damaged.
The bullfrog zombie closely misses you.
You hit the bullfrog zombie.
The bullfrog zombie is lightly damaged.
The bullfrog zombie hits you.
* * * LOW HITPOINT WARNING * * *
The bullfrog zombie hits you.
* * * LOW HITPOINT WARNING * * *
You hit the bullfrog zombie.
The bullfrog zombie is moderately damaged.
The bullfrog zombie barely misses you.
You hit the bullfrog zombie but do no damage.
The bullfrog zombie is moderately damaged.
The bullfrog zombie barely misses you.
Okay, then.
You hit the bullfrog zombie but do no damage.
The bullfrog zombie is moderately damaged.
The bullfrog zombie hits you.
* * * LOW HITPOINT WARNING * * *
You barely miss the bullfrog zombie.
The bullfrog zombie is moderately damaged.
The bullfrog zombie hits you.
You die...

...### .....#. ##....#
..$... ####..... ......
##.......# ......
##........# .....
#....#)..## #... ..
#....##...###..# ...#
#....#....##.#.#.....#
#....@Z......<...>....
#..............###......
###...........## ....
#...##.......# ..
#.............#
#....##>......... #...
...........K. ###
.......#.......
...............


You could see a bullfrog zombie.

Vanquished Creatures
  An ufetubus (D:6)
1 creature vanquished.

Notes
Turn   | Place    | Note
-------+----------+-------------------------------------------
     0 | D:5      | psuckher the Barachi Delver began the quest for the Orb.
     0 | D:5      | Reached XP level 1. HP: 18/18 MP: 1/1
     2 | D:5      | Noticed an ogre
     8 | D:6      | Noticed a kobold brigand
    33 | D:6      | Slain by a bullfrog zombie

Illustrated notes

Levels and vault maps discovered:
D:5:      layout_loops_ring, minmay_temple_entry_oklob, uniq_pikel,
          uniq_prince_ribbit1
D:6:      layout_cave_pools

Action                   || total
-------------------------++-------
Melee: Short sword       ||    12
Armor: Leather armour    ||     1
Dodge: Dodged            ||    13

Table legend: (Time is in decaauts)
 A = Elapsed time spent in this place.
 B = Non-inter-level travel time spent in this place.
 C = Inter-level travel time spent in this place.
 D = Time resting spent in this place.
 E = Time spent auto-exploring this place.
 F = Levels seen in this place.
 G = Mean time per level.
                   A        B        C        D        E       F      G
               +--------+--------+--------+--------+--------+-----+--------+
         Total |     36 |     36 |      0 |      0 |      0 |   2 |   18.0 |
       Dungeon |     36 |     36 |      0 |      0 |      0 |   2 |   18.0 |
               +--------+--------+--------+--------+--------+-----+--------+

Top non-repeatable levels by time:
     D:6: 33 daAuts
     D:5: 3 daAuts
